 Dungeon Crawl Stone Soup version 0.31-a0-466-g98c9adc2b6 (webtiles) character file.

Game seed: 10514213227725489512

1399 Zonian the Ruffian (level 8, -7/55 HPs)
             Began as an Octopode Shapeshifter on Aug 5, 2023.
             Was a Follower of Uskayaw.
             Splashed by a jelly's acid (10 damage)
             ... on level 6 of the Dungeon.
             The game lasted 00:15:55 (7412 turns).

Zonian the Ruffian (Octopode Shapeshifter)          Turns: 7412, Time: 00:15:56

Health: -7/55      AC: -1    Str: 16    XL:     8   Next: 69%
Magic:  8/8        EV: 15    Int: 10    God:    Uskayaw [*.....]
Gold:   558        SH:  5    Dex: 13    Spells: 7/7 levels left

rFire   x .          .
                       - Unarmed
rCold   + . .        (no shield)
rNeg    . . .        (helmet currently unavailable)
rPois   .            f - amulet of reflection
rElec   .            j - ring of ice
rCorr   .            l - ring of see invisible
SInv    +            (no ring)
Will    .....        (no ring)
Stlth   ++           (no ring)
HPRegen 0.29/turn    (no ring)
MPRegen 0.11/turn    (no ring)
                     (no ring)

%: reflection
@: about to teleport, beast-form, corroded
A: beast (slay +3), almost no armour, amphibious, 8 rings, camouflage 1,
gelatinous body 1, (nimble swimmer 1), tentacles, iridescent scales 1
a: Begin Untransformation, Renounce Religion, Stomp


You were on level 6 of the Dungeon.
You worshipped Uskayaw.
Uskayaw was noncommittal.
You were a hulking beast.
You visited 1 branch of the dungeon, and saw 6 of its levels.
You also visited: Ossuary.

You collected 558 gold pieces.

Inventory:

Missiles
 e - 11 poisoned darts
Jewellery
 f - an amulet of reflection (around mantle)
 j - a ring of ice (left tentacle)
 l - a ring of see invisible (right tentacle)
Talismans
 b - a beast talisman (active)
Wands
 r - a wand of flame (16)
Scrolls
 h - 3 scrolls of teleportation
 m - a scroll of fog
 p - a scroll of enchant armour
 s - a scroll of revelation
Potions
 a - a potion of lignification
 c - a potion of enlightenment
 d - 2 potions of resistance
 g - a potion of mutation
 i - a potion of invisibility {unknown}
 k - 3 potions of attraction


   Skills:
 + Level 5.1 Fighting
 + Level 5.5 Dodging
 + Level 5.9 Unarmed Combat
 + Level 5.2 Shapeshifting


You had 7 spell levels left.
You didn't know any spells.
Your spell library contained the following spells:

 Spells                   Type           Power      Damage    Failure   Level
 Sandblast                Erth           0%         2d4       36%         1
 Passwall                 Tmut/Erth      0%         N/A       50%         2
 Stone Arrow              Conj/Erth      0%         3d7       75%         3


Dungeon Overview and Level Annotations

Branches:
Dungeon (6/15)             Temple (0/1) D:6         Ossuary (visited)

Altars:
Cheibriados
Nemelex Xobeh
Trog
Uskayaw
Xom
The Shining One

Annotations:
D:2 1 runed translucent door, Crazy Yiuf
D:5 Sigmund


Innate Abilities, Weirdness & Mutations

You are a hulking beast.
Your limbs bulge with bestial killing power. (Slay +3)
You cannot wear most types of armour.
You are amphibious.
You can wear up to eight rings at the same time.
Your skin changes colour to match your surroundings (Stealth+).
Your rubbery body absorbs attacks. (AC +1, EV +1)
((You are camouflaged when in or above water. (Stealth+)))
You have tentacles for arms and can constrict up to eight enemies at once.
You are partially covered in iridescent scales. (AC +2)


Message History

You can now pass through a line of other dancers.
Okay, then.
Okay, then.
Okay, then.
You tentacle-slap the centaur but do no damage.
The centaur is severely wounded.
The centaur misses you.
The centaur kicks you but does no damage.
The gnoll sergeant hits you from afar with a +0 spear.
* * * LOW HITPOINT WARNING * * *
You feel better. The centaur misses you. The centaur closely misses you.
The centaur hits you.
* * * LOW HITPOINT WARNING * * *
The centaur kicks you but does no damage.
The gnoll sergeant misses you.
You tentacle-slap the centaur but do no damage.
The centaur is severely wounded.
The centaur hits you.
* * * LOW HITPOINT WARNING * * *
You block the centaur's attack.
You feel better.
The gnoll sergeant hits you from afar with a +0 spear!
* * * LOW HITPOINT WARNING * * *
The centaur hits you but does no damage.
The centaur barely misses you.
You can no longer pass through a line of other dancers.
As you read the scroll of teleportation, it crumbles to dust.
You feel strangely unstable. The centaur closely misses you.
The centaur barely misses you. The gnoll sergeant barely misses you.
The centaur closely misses you. You block the centaur's attack.
You barely miss the centaur. You squeeze the centaur.
The centaur is severely wounded.
The jelly closely misses you. You block the gnoll sergeant's attack.
The centaur barely misses you. The centaur closely misses you.
You bludgeon the centaur!
You kill the centaur!
The jelly hits you.
* * * LOW HITPOINT WARNING * * *
The acid corrodes you!
You are splashed with acid!
You die...

.#######.###.#####....#.....#...#
..# ### ###...##...#..........
..# ##.....#.............. ###
...8..#.............# .## ....
#............#' ..#
...##...........### ..#
#.##...........###. ###
#J#...#.........### #
#.h...#..........## ##
#)##.........##...# .##
#g###†#.......##... ..# ...
#.##.###....... #.# ....
####........... ..#
...8!.##...##...##... ..#
#####[....#....##...##... #.##
##...##...###...........#.
##.#####..#..#### #......>....#.


You could see a gnoll sergeant and a jelly.

Vanquished Creatures
  Prince Ribbit (D:5)
  Duvessa (D:5)
  An ice beast (D:5)
  A black bear (D:6)
  An ogre (D:5)
  A centaur (D:6)
  A phantom (D:6)
  A bullfrog (D:4)
  A scorpion (D:6)
  Dowan (D:5)
  An orc priest (D:5)
  3 hounds
  2 jellies (D:6)
  A sleepcap (D:6)
  Jessica (D:3)
  3 iguanas
  9 mummies
  8 adders
  3 white imps
  2 worms
  2 dart slugs
  8 orcs
  6 bats
  An endoplasm (D:1)
  2 giant cockroaches
  9 hobgoblins
  2 jackals (D:1)
  4 quokkas
  7 ball pythons
  4 frilled lizards
  2 gnoll zombies (Ossuary)
  6 goblins
  A hobgoblin zombie (D:4)
  4 kobolds
  3 kobold zombies
  4 orc zombies (Ossuary)
  10 rats
118 creatures vanquished.

Vanquished Creatures (others)
  A wizard (D:3)
1 creature vanquished.

Grand Total: 119 creatures vanquished

Notes
Turn   | Place    | Note
-------+----------+-------------------------------------------
     0 | D:1      | Zonian the Octopode Shapeshifter began the quest for the
                  | Orb.
     0 | D:1      | Reached XP level 1. HP: 13/13 MP: 1/1
   218 | D:1      | Reached XP level 2. HP: 18/18 MP: 2/2
   518 | D:1      | Found a faded altar of an unknown god.
   523 | D:1      | Reached XP level 3. HP: 23/23 MP: 3/3
  1477 | D:2      | Found a runed translucent door.
  1478 | D:2      | Noticed Crazy Yiuf
  1517 | D:3      | Noticed Jessica
  1521 | D:3      | Killed Jessica
  1522 | D:3      | Reached XP level 4. HP: 29/29 MP: 4/4
  1617 | D:3      | Identified the +0 robe "Ydazae" {Rampage}
  1714 | D:3      | Found a bloodstained altar of Trog.
  1715 | D:3      | Noticed a wizard
  1720 | D:3      | Killed a wizard
  2090 | D:3      | Reached XP level 5. HP: 32/35 MP: 5/5
  2443 | D:4      | You fall into a shaft and drop 1 floor!
  2443 | D:5      | Entered Level 5 of the Dungeon
  2455 | D:5      | Noticed Dowan
  2455 | D:5      | Noticed an ice beast
  2456 | D:5      | Noticed Duvessa
  2487 | D:5      | Found a glowing golden altar of the Shining One.
  2535 | D:5      | Noticed Prince Ribbit
  2543 | D:5      | Noticed an ogre
  2594 | D:4      | Found a sand-covered staircase.
  2599 | Ossuary  | Entered an ossuary
  2647 | Ossuary  | Reached XP level 6. HP: 16/41 MP: 6/6
  4182 | D:4      | Gained mutation: You are partially covered in iridescent
                  | scales. (AC +2) [potion of mutation]
  5158 | D:5      | Reached XP level 7. HP: 13/46 MP: 7/7
  5321 | D:5      | Killed Prince Ribbit
  5322 | D:5      | Reached skill level 5 in Unarmed Combat
  5402 | D:5      | Killed Duvessa
  5403 | D:5      | Reached XP level 8. HP: 54/54 MP: 8/8
  5414 | D:5      | Killed Dowan
  5659 | D:5      | Noticed Sigmund
  5914 | D:5      | Reached skill level 5 in Dodging
  6272 | D:6      | Found a snail-covered altar of Cheibriados.
  6274 | D:6      | Found a hide-covered altar of Uskayaw.
  6283 | D:6      | Found a shimmering altar of Xom.
  6304 | D:6      | Became a worshipper of Uskayaw the Reveller
  6310 | D:6      | Reached * piety under Uskayaw
  6313 | D:6      | Reached skill level 5 in Shapeshifting
  6489 | D:6      | Reached ** piety under Uskayaw
  6829 | D:6      | Found a sparkling altar of Nemelex Xobeh.
  6861 | D:6      | Reached skill level 5 in Fighting
  7004 | D:6      | Found a staircase to the Ecumenical Temple.
  7412 | D:6      | Splashed by a jelly's acid

Illustrated notes

Levels and vault maps discovered:
D:1:      dpeg_arrival_ratfight, layout_loops_ring,
          shapermc_ecumenical_altar_flowoftime, hangedman_decor_points,
          minmay_pentomino_u2
D:2:      layout_loops_cross, uniq_crazy_yiuf_cottage
D:3:      layout_basic, trog_wizard, uniq_jessica
D:4:      layout_gridville, nicolae_ossuary_entry_giza
D:5:      layout_rooms, nicolae_tso_carved_into_rock, hangedman_decor_lopped,
          uniq_prince_ribbit1, uniq_duvessa, uniq_sigmund
D:6:      minmay_octagon_keep, layout_cave_pools, kennysheep_little_box,
          elyvilon_altar_4, nemelex_diamond_rough_becter,
          chequers_temple_overflow_statue_of_worship,
          minmay_temple_entry_stoned_glass, chequers_serial_rivers_large_b,
          grunt_ministairs_3

Skill      XL: |  1  2  3  4  5  6  7  8 |
---------------+-------------------------+-----
Fighting       | 2 3 4 5 |  5.1
Dodging        | 3 4 5 |  5.5
Unarmed Combat | 4 5 |  5.9
Shapeshifting  | 4 5 |  5.2

Action                     |  1- 3 |  4- 6 |  7- 9 || total
---------------------------+-------+-------+-------++-------
  Melee: Unarmed           |    73 |   105 |    92 ||   270
         Constrict         |    22 |    19 |    13 ||    54
         Punch             |     5 |     4 |     5 ||    14
         Tentacles         |    12 |    13 |    18 ||    43
  Evoke: Wand              |       |       |     1 ||     1
    Use: Scroll            |       |    13 |     6 ||    19
         Potion            |       |     5 |     4 ||     9
   Stab: Sleeping          |    15 |     9 |     1 ||    25
         Distracted        |       |     1 |     1 ||     2
 Armour: Skin              |     4 |    41 |    23 ||    68
  Dodge: Dodged            |    32 |    24 |    44 ||   100
  Block: Other             |     4 |    17 |    22 ||    43
         Reflection        |       |     1 |       ||     1

Table legend: (Time is in decaauts)
 A = Elapsed time spent in this place.
 B = Non-inter-level travel time spent in this place.
 C = Inter-level travel time spent in this place.
 D = Time resting spent in this place.
 E = Time spent auto-exploring this place.
 F = Levels seen in this place.
 G = Mean time per level.
                   A        B        C        D        E       F      G
               +--------+--------+--------+--------+--------+-----+--------+
         Total |   7369 |   7123 |    246 |   2943 |   2729 |   7 | 1052.7 |
       Dungeon |   5793 |   5547 |    246 |   1645 |   2727 |   6 |  965.5 |
       Ossuary |   1576 |   1576 |      0 |   1298 |      2 |   1 | 1576.0 |
               +--------+--------+--------+--------+--------+-----+--------+

Top non-repeatable levels by time:
 Ossuary: 1576 daAuts
     D:6: 1387 daAuts
     D:5: 1049 daAuts
     D:4: 1003 daAuts
     D:3: 839 daAuts
     D:1: 808 daAuts
     D:2: 704 daAuts
